 Dungeon Crawl Stone Soup version 0.19.1 (webtiles) character file.

532 Jerry the Slasher (level 6, -6/48 HPs)
             Began as a Demigod Gladiator on Dec 27, 2016.
             Mangled by an ogre
             ... wielding a +0 giant spiked club
              (24 damage)
             ... on level 4 of the Dungeon.
             The game lasted 00:07:07 (4540 turns).

Jerry the Slasher (Demigod Gladiator)               Turns: 4540, Time: 00:07:07

Health: -6/48      AC: 11    Str: 18    XL:     6   Next: 73%
Magic:  8/8        EV: 10    Int: 12    God:
Gold:   132        SH:  0    Dex: 20    Spells: 0 memorised, 5 levels left

rFire  . . .     SeeInvis .     a - +0 long sword
rCold  . . .     Gourm    .     m - +0 chain mail
rNeg   . . .     Faith    .     (no shield)
rPois  .         Spirit   .     c - +0 helmet
rElec  .         Reflect  .     (no cloak)
rCorr  .         Harm     .     y - +0 pair of gloves
MR     .....                    (no boots)
Stlth  ..........               (no amulet)
                                x - ring of loudness (curse)
                                w - ring of flight

@: lethally poisoned (-6 -> -8)
A: high mp 1
a: Evoke Flight


You were on level 4 of the Dungeon.
You were not hungry.

You visited 1 branch of the dungeon, and saw 4 of its levels.

You collected 132 gold pieces.

Inventory:

Hand Weapons
 a - a +0 long sword (weapon)
Missiles
 d - 3 throwing nets (quivered)
Armour
 c - a +0 helmet (worn)
 m - a +0 chain mail (worn)
 y - a +0 pair of gloves (worn)
Jewellery
 w - a ring of flight (left hand)
 x - a cursed ring of loudness (right hand)
Scrolls
 e - a scroll of enchant weapon {unknown}
 h - a scroll of fear {unknown}
 i - 3 scrolls of identify {unknown}
 o - 2 scrolls of blinking {unknown}
 p - a scroll of immolation {unknown}
 u - a scroll of recharging {unknown}
Potions
 b - a potion of magic {unknown}
 g - a potion of agility {unknown}
 k - a potion of curing
 q - 2 potions of cancellation {unknown}
 s - a potion of degeneration {unknown}
 t - 2 potions of flight {unknown}
 v - a potion of brilliance {unknown}
Comestibles
 f - 3 bread rations
 j - a meat ration
 l - 3 fruits
 n - 2 slices of pizza
 r - a beef jerky
 z - 3 chunks of flesh


   Skills:
 - Level 1.7 Fighting
 + Level 4.8 Long Blades
 - Level 1.7 Throwing
 + Level 3.4 Armour
 + Level 4.8 Dodging


You had 5 spell levels left.
You didn't know any spells.

Dungeon Overview and Level Annotations

Branches:
Dungeon (4/15)
 Temple: D:4-7


Innate Abilities, Weirdness & Mutations

You have an increased reservoir of magic. (+10% MP)


Message History

The ogre is moderately wounded.
You feel sick. The ogre barely misses you.
You hit the ogre.
The ogre is heavily wounded.
The ogre closely misses you.
You riposte.
You completely miss the ogre.
The ogre is heavily wounded.
You completely miss the ogre.
The ogre is heavily wounded.
You feel sick. The ogre closely misses you.
You hit the ogre.
The ogre is heavily wounded.
The ogre barely misses you.
You hit the ogre but do no damage.
The ogre is heavily wounded.
You feel sick.
You hit the ogre.
The ogre is severely wounded.
The ogre hits you with a giant spiked club!!
Ouch! That really hurt!
You die...

#..## ##.......## #..##
#.......).####...#####
+.........+.(.........
#.........####...#####
#.......# #....#
#.....# ####.# #..O#
#.# #@# #.# #.# #.# #.#
#.# ##.## #.#
##...##### #.#
#.....##.## #.#
...#####รท..##.#.## #.#
........#.##.###.####.#
...####.#####.#.......#


You could see an ogre.

Vanquished Creatures
  Purgy (D:4)
  A water moccasin zombie (D:4)
  An orc priest (D:3)
  2 orc wizards (D:4)
  An iguana (D:4)
  Natasha (D:3)
  3 worker ants
  A gnoll (D:2)
  7 adders
  2 worms (D:3)
  2 dart slugs
  A leopard gecko (D:1)
  14 orcs
  2 ball pythons
  5 giant cockroaches
  5 goblins
  10 hobgoblins
  A jackal (D:2)
  3 quokkas
  3 bats
  5 frilled lizards
  7 kobolds
  5 rats
83 creatures vanquished.

Notes
Turn   | Place    | Note
-------+----------+-------------------------------------------
     0 | D:1      | Jerry the Demigod Gladiator began the quest for the Orb.
     0 | D:1      | Reached XP level 1. HP: 17/17 MP: 3/3
   309 | D:1      | Reached XP level 2. HP: 24/24 MP: 4/4
   946 | D:2      | Reached XP level 3. HP: 21/29 MP: 5/5
   957 | D:2      | Reached skill level 1 in Armour
  1978 | D:3      | Noticed Natasha
  1986 | D:3      | Killed Natasha
  1986 | D:3      | Reached XP level 4. HP: 22/36 MP: 6/6
  2792 | D:3      | Reached XP level 5. HP: 41/41 MP: 7/7
  3806 | D:4      | Reached XP level 6. HP: 30/48 MP: 8/8
  4103 | D:4      | Noticed Purgy
  4134 | D:4      | Killed Purgy
  4540 | D:4      | Mangled by an ogre

Skill      XL: |  1  2  3  4  5  6 |
---------------+-------------------+-----
Long Blades    | 3 4 |  4.8
Dodging        | 3 4 |  4.8
Armour         | 1 2 3 |  3.4
Fighting       | |  1.7
Throwing       | |  1.7

Action                   |  1- 3 |  4- 6 || total
-------------------------+-------+-------++-------
Melee: Long sword        |   103 |   214 ||   317
Throw: Throwing net      |       |     3 ||     3
  Use: Potion            |     1 |     1 ||     2
 Stab: Sleeping          |     2 |       ||     2
  Eat: Chunk             |     3 |     9 ||    12
Armor: Leather armour    |    21 |       ||    21
       Chain mail        |     5 |   123 ||   128
Dodge: Dodged            |    67 |   151 ||   218
       Rpst.: Long sword |    21 |    39 ||    60
